 Dungeon Sprint DCSS version 0.25.0-11-g1f837a76a1 (webtiles) character file.

Game seed: 8246845951178485394

322346 MordorOrchid the Archmage (level 19, -3/160 HPs)
             Began as a Pale Draconian Ice Elementalist on June 27, 2020.
             Was the Champion of Sif Muna.
             Killed from afar by an orb of fire (102 damage)
             ... with a fireball
             ... in the Dungeon (Sprint IX: "|||||||||||||||||||||||||||||").
             The game lasted 02:06:31 (8073 turns).

MordorOrchid the Archmage (DrIE)                    Turns: 8073, Time: 02:06:31

Health: -3/160     AC: 25    Str: 11    XL:     19   Next: 30%
Magic:  38/59      EV: 25    Int: 28    God:    Sif Muna [******]
Gold:   68         SH: 15    Dex: 13    Spells: 3/72 levels left

rFire    . . .     SeeInvis .   x - staff of energy
rCold    + . .     Gourm    .   N - +0 kite shield
rNeg     + + +     Faith    .   (armour unavailable)
rPois    ∞         Spirit   .   R - +1 hat
rElec    .         Reflect  .   i - +1 cloak {rCorr}
rCorr    +         Harm     .   q - +2 pair of gloves
MR       ++...     NoTele   +   j - +2 pair of boots
Stlth    ++........             o - amulet of Pelif {RegenMP Int+6}
HPRegen  0.36/turn              Y - ring "Oqyq" {rPois MP+9}
MPRegen  0.61/turn              P - ring of wizardry

@: lich-form, very slightly contaminated
A: (breathe steam), unfitting armour, cold-blooded, AC +10
}: 5/17 runes: decaying, serpentine, barnacled, silver, gossamer
a: End Transformation, Channel Magic, Forget Spell, Divine Exegesis, Renounce
Religion


You were in the Dungeon.
You worshipped Sif Muna.
Sif Muna was exalted by your worship.
You were not hungry.
You were a lich.
You visited 1 branch You collected 1961 gold pieces.
You spent 1893 gold pieces at shops.

Inventory:

Hand Weapons
 k - a +4 rapier of draining
 p - the +10 spear "Xuinet" {drain, +Inv Dex+3}
   (You bought it in a shop in the Dungeon)

   A truly terrible weapon, it drains the life of those it strikes.
   It affects your dexterity (+3).
   It lets you turn invisible.
 y - the +7 dagger of Inety {freeze, SInv}
   (You bought it in a shop in the Dungeon)

   It has been specially enchanted to freeze those struck by it, causing extra
   injury to most foes and up to half again as much damage against particularly
   susceptible opponents.
   It can also slow down cold-blooded creatures.
   It lets you see invisible.
 z - a +5 long sword
 B - a +2 scimitar of draining
 F - a +2 halberd of venom
 J - a +4 demon trident
 Q - the +1 demon whip of the Thing {pain, +Fly rF+ MR+ Dex-2}
   (You found it in the Dungeon)

   In the hands of one skilled in necromantic magic, it inflicts extra damage on
   living creatures.
   It affects your dexterity (-2).
   It protects you from fire.
   It affects your resistance to hostile enchantments.
   It lets you fly.
 U - a +3 trishula of holy wrath
Missiles
 C - 8 boomerangs
 E - 74 javelins (quivered)
 V - 5 silver boomerangs
Armour
 i - a +1 cloak of preservation (worn)
 j - a +2 pair of boots (worn)
 q - a +2 pair of gloves (worn)
 N - a +0 kite shield (worn)
 R - a +1 hat (worn)
 W - a +0 tower shield
Magical Staves
 x - an uncursed staff of energy (weapon)
 O - an uncursed staff of cold
Jewellery
 a - the ring "Xovingit" {+Fly rN+ MR+ Int-5 SInv}
   (You found it in the Dungeon)

   [ring of see invisible]

   It affects your intelligence (-5).
   It protects you from negative energy.
   It affects your resistance to hostile enchantments.
   It lets you see invisible.
   It lets you fly.
 m - the ring "Imohycio" {Ice rN++ MR- Str+5}
   (You found it in the Dungeon)

   [ring of ice]

   It enhances your ice magic.
   It affects your strength (+5).
   It makes you vulnerable to fire.
   It protects you from cold.
   It greatly protects you from negative energy.
   It affects your resistance to hostile enchantments.
 n - the ring "Neihaeja" {+Inv rElec SInv}
   (You found it in the Dungeon)

   [ring of see invisible]

   It insulates you from electricity.
   It lets you see invisible.
   It lets you turn invisible.
 o - the amulet of Pelif (around neck) {RegenMP Int+6}
   (You found it in the Dungeon)

   [amulet of magic regeneration]

   It increases your magic regeneration.
   It affects your intelligence (+6).
 I - an uncursed ring of fire
 K - an uncursed ring of ice
 P - a ring of wizardry (right hand)
 Y - the ring "Oqyq" (left hand) {rPois MP+9}
   (You found it in the Dungeon)

   [ring of magical power]

   It protects you from poison.
   It affects your magic capacity (+9).
 Z - the ring "Iceups" {rN+ Int+3}
   (You found it in the Dungeon)

   [ring of intelligence]

   It affects your intelligence (+3).
   It protects you from negative energy.
Wands
 A - a wand of polymorph (7)
 H - a wand of enslavement (7)
Scrolls
 e - 8 scrolls of remove curse
 h - 6 scrolls of blinking
 t - a scroll of fear
 u - 7 scrolls of enchant armour
 D - 6 scrolls of identify
 M - 4 scrolls of fog
Potions
 c - 16 potions of heal wounds
 d - 4 potions of brilliance
 f - 9 potions of magic
 l - 7 potions of curing
 r - 2 potions of stabbing
 s - 6 potions of haste
 v - a potion of berserk rage
 S - a potion of might
 T - a potion of resistance
Miscellaneous
 G - a phantom mirror
Comestibles
 b - 8 rations


   Skills:
 * Level 12.1 Fighting
 - Level 2.0 Short Blades
 - Level 10.0 Polearms
 * Level 20.0 Dodging
 - Level 3.0 Stealth
 * Level 20.0 Shields
 O Level 27 Spellcasting
 O Level 27 Conjurations
 - Level 1.0 Charms
 - Level 4.0 Summonings
 - Level 15.0 Necromancy
 - Level 15.0 Translocations
 * Level 15.0 Transmutations
 - Level 22.0 Fire Magic
 - Level 22.0 Ice Magic
 - Level 4.0 Air Magic
 * Level 10.2 Earth Magic
 - Level 10.0 Invocations
 * Level 8.0 Evocations


You had 3 spell levels left.
You knew the following spells:

 Your Spells              Type           Power        Failure   Level  Hunger
a - Freeze                Ice            ####         0%          1    N/A
b - Frozen Ramparts       Ice            ######       0%          3    N/A
c - Conjure Flame         Conj/Fire      ########     0%          3    N/A
g - Mephitic Cloud        Conj/Pois/Air  #######.     1%          3    N/A
h - Bolt of Magma         Conj/Fire/Erth #######...   0%          5    N/A
s - Summon Ice Beast      Ice/Summ       #######.     1%          4    N/A
x - Blink                 Tloc           N/A          0%          2    N/A
y - Ozocubu's Armour      Chrm/Ice       #######.     0%          3    N/A
E - Borgnjor's Vile Clut  Necr/Erth      ########..   1%          5    N/A
F - Fire Storm            Conj/Fire      ########..   1%          9    N/A
L - Absolute Zero         Ice            ########..   3%          9    N/A
N - Necromutation         Tmut/Necr      ########..   4%          8    N/A
X - Controlled Blink      Tloc           N/A          4%          8    N/A
Y - Statue Form           Tmut/Erth      #######..    1%          6    N/A

Your spell library contained the following spells:

 Spells                   Type           Power        Failure   Level  Hunger
 Animate Skeleton         Necr           N/A          0%          1    N/A
 Apportation              Tloc           ######       0%          1    N/A
 Beastly Appendage        Tmut           ######       0%          1    N/A
 Foxfire                  Conj/Fire      ####         0%          1    N/A
 Magic Dart               Conj           ####         0%          1    N/A
 Pain                     Necr           ####         0%          1    N/A
 Sandblast                Erth           ######       0%          1    N/A
 Shock                    Conj/Air       ####         0%          1    N/A
 Corpse Rot               Necr/Air       N/A          0%          2    N/A
 Ensorcelled Hibernation  Hex/Ice        ######       0%          2    N/A
 Passwall                 Tmut/Erth      #######.     0%          2    N/A
 Searing Ray              Conj           ######       0%          2    N/A
 Sticks to Snakes         Tmut           #######.     0%          2    N/A
 Sublimation of Blood     Necr           ########..   0%          2    N/A
 Dazzling Flash           Conj/Hex       ######       0%          3    N/A
 Gell's Gravitas          Tloc           #######...   0%          3    N/A
 Ignite Poison            Fire/Tmut/Pois #######.     0%          3    N/A
 Inner Flame              Hex/Fire       #######.     0%          3    N/A
 Lesser Beckoning         Tloc           #######...   0%          3    N/A
 Static Discharge         Conj/Air       #######.     0%          3    N/A
 Stone Arrow              Conj/Erth      ######       0%          3    N/A
 Teleport Other           Tloc           #######.     0%          3    N/A
 Vampiric Draining        Necr           ########..   0%          3    N/A
 Corona                   Hex            #####..      1%          1    N/A
 Infusion                 Chrm           ####         1%          1    N/A
 Sting                    Tmut/Pois      ####         1%          1    N/A
 Summon Butterflies       Summ           ######..     1%          1    N/A
 Summon Small Mammal      Summ           ####         1%          1    N/A
 Call Imp                 Summ           ######..     1%          2    N/A
 Poisonous Vapours        Pois/Air       #####.       1%          2    N/A
 Shroud of Golubria       Chrm/Tloc      ######       1%          2    N/A
 Slow                     Hex            #####...     1%          2    N/A
 Song of Slaying          Chrm           #####...     1%          2    N/A
 Swiftness                Chrm/Air       ######..     1%          2    N/A
 Call Canine Familiar     Summ           ######..     1%          3    N/A
 Confusing Touch          Hex            #####...     1%          3    N/A
 Portal Projectile        Hex/Tloc       ######       1%          3    N/A
 Recall                   Summ/Tloc      N/A          1%          3    N/A
 Spectral Weapon          Hex/Chrm       #####...     1%          3    N/A
 Spider Form              Tmut/Pois      ######....   1%          3    N/A
 Summon Guardian Golem    Hex/Summ       #####...     1%          3    N/A
 Tukima's Dance           Hex            #####...     1%          3    N/A
 Animate Dead             Necr           N/A          0%          4    N/A
 Dispel Undead            Necr           ########     0%          4    N/A
 Hailstorm                Conj/Ice       ########     0%          4    N/A
 Ice Form                 Ice/Tmut       #######.     0%          4    N/A
 Iskenderun's Mystic Bla  Conj/Tloc      ########     0%          4    N/A
 Passage of Golubria      Tloc           N/A          0%          4    N/A
 Sticky Flame             Conj/Fire      ########     0%          4    N/A
 Fireball                 Conj/Fire      ########..   0%          5    N/A
 Irradiate                Conj/Tmut      ########..   0%          5    N/A
 Ozocubu's Refrigeration  Ice            ########..   0%          6    N/A
 Starburst                Conj/Fire      ########..   0%          6    N/A
 Orb of Destruction       Conj           ########..   0%          7    N/A
 Airstrike                Air            ######....   1%          4    N/A
 Fulminant Prism          Conj/Hex       #######...   1%          4    N/A
 Leda's Liquefaction      Hex/Erth       ######....   1%          4    N/A
 Petrify                  Tmut/Erth      #######.     1%          4    N/A
 Summon Lightning Spire   Summ/Air       ######..     1%          4    N/A
 Agony                    Necr           ########     1%          5    N/A
 Alistair's Intoxication  Tmut/Pois      ######..     1%          5    N/A
 Aura of Abjuration       Summ           ######....   1%          5    N/A
 Blade Hands              Tmut           #######...   1%          5    N/A
 Excruciating Wounds      Chrm/Necr      #######...   1%          5    N/A
 Iskenderun's Battlesphe  Conj/Chrm      #######.     1%          5    N/A
 Lee's Rapid Deconstruct  Erth           #######...   1%          5    N/A
 Lightning Bolt           Conj/Air       #######...   1%          5    N/A
 Metabolic Englaciation   Hex/Ice        #######...   1%          5    N/A
 Summon Demon             Summ           ######....   1%          5    N/A
 Summon Forest            Summ/Tloc      ######....   1%          5    N/A
 Yara's Violent Unravell  Hex/Tmut       ######....   1%          5    N/A
 Conjure Ball Lightning   Conj/Air       #######...   1%          6    N/A
 Death Channel            Necr           ########..   1%          6    N/A
 Dispersal                Tloc           #######...   1%          6    N/A
 Eringya's Noxious Bog    Tmut/Pois      ######....   1%          6    N/A
 Freezing Cloud           Conj/Ice/Air   #######...   1%          6    N/A
 Hydra Form               Tmut           #######...   1%          6    N/A
 Iron Shot                Conj/Erth      #######...   1%          6    N/A
 Simulacrum               Ice/Necr       ########..   1%          6    N/A
 Dragon Form              Tmut           #######...   1%          7    N/A
 Spellforged Servitor     Conj/Summ      #######...   1%          7    N/A
 Ignition                 Fire           ########..   1%          8    N/A
 Lehudib's Crystal Spear  Conj/Erth      #######...   1%          8    N/A
 Cause Fear               Hex            #####.....   2%          4    N/A
 Olgreb's Toxic Radiance  Pois           #####...     2%          4    N/A
 Ring of Flames           Chrm/Fire      #######...   2%          7    N/A
 Silence                  Hex/Air        #####.....   3%          5    N/A
 Summon Mana Viper        Hex/Summ       #####...     3%          5    N/A
 Chain Lightning          Conj/Air       #######...   3%          8    N/A
 Haunt                    Necr/Summ      #######...   4%          7    N/A
 Malign Gateway           Summ/Tloc      ######....   4%          7    N/A
 Borgnjor's Revivificati  Necr           ########..   4%          8    N/A
 Disjunction              Tloc           #######...   4%          8    N/A
 Infestation              Necr           ########..   4%          8    N/A
 Shadow Creatures         Summ           N/A          9%          6    N/A
 Darkness                 Hex            #####.....   38%         6    N/A
 Invisibility             Hex            #####...     38%         6    N/A
 Monstrous Menagerie      Summ           ######....   41%         7    N/A
 Summon Greater Demon     Summ           ######....   41%         7    N/A
 Summon Hydra             Summ           ######....   41%         7    N/A
 Death's Door             Chrm/Necr      #######...   52%         8    N/A
 Summon Horrible Things   Summ           ######....   96%         8    N/A
 Shatter                  Erth           #######...   98%         9    N/A
 Discord                  Hex            #####.....   100%        8    N/A
 Dragon's Call            Summ           ######....   100%        9    N/A
 Tornado                  Air            ######....   100%        9    N/A

Dungeon Overview and Level Annotations

Branches:
Dungeon (1/1)

Altars:
Cheibriados
Dithmenos
Elyvilon
Fedhas
Gozag
Hepliaklqana
Kikubaaqudgha
Makhleb
Nemelex Xobeh
Okawaru
Qazlal
Ru
Sif Muna
Trog
Uskayaw
Vehumet
Wu Jian
Xom
Yredelemnul
Zin
The Shining One
Beogh
Jiyva
Lugonu

Shops:
D (}*:


Innate Abilities, Weirdness & Mutations

((You can breathe blasts of scalding, opaque steam.))
Your pale cyan-grey scales are hard. (AC +10)
You cannot fit into any form of body armour.
You are cold-blooded and may be slowed by cold attacks.


Message History

Confirm with . or Enter, or press ? or * to list all spells.
You revert to your normal fleshy form.
Your +2 pair of gloves unmelds from your body.
Your +2 pair of boots unmelds from your body.
Your body is suffused with negative energy!
Unknown command.
You open the door.
An orb of fire comes into view.
The orb of fire glows red.
The fireball explodes!
The fireball engulfs you!!!
Unknown command.
Casting: Necromutation (dangerous; 4% risk of failure)
Confirm with . or Enter, or press ? or * to list all spells.
You miscast Absolute Zero.
You are very lightly contaminated with residual magic.
You feel extremely cold. You resist.
The orb of fire glows red.
The fireball explodes!
The fireball engulfs you!!!!
Ouch! That really hurt!
You die...

▓.▓.▓.▓.▓.▓)▓.▓)
▓.▓.▓.▓.▓.▓)▓.▓)
▓.▓)▓.▓[▓.▓)▓.▓[
▓.▓.▓.▓[▓.▓)▓.▓'
▓.▓[▓.▓[▓.▓)▓.♣†
▓+▓.▓)▓.▓[▓.▓.▓.♣.
▓.▓.▓.▓.▓[▓.▓.▓.♣.
▓*▓.▓)▓.▓[▓.▓(▓.♣†
▓L▓.▓.▓.▓[▓.▓.▓.♣.
▓'▓.▓.▓.▓.▓.▓(▓.♣.
▓.▓.▓[▓.▓.▓.▓)▓.♣.
▓.▓.▓[▓.▓.▓.▓)▓.♣.
▓.▓.▓)▓.▓)▓.▓.▓.♣.
▓.▓.▓)▓.▓)▓.▓[▓.♣[
▓.▓.▓)▓.▓)▓.▓.▓.♣.
▓.▓.▓.▓.▓)▓.▓.▓.♣.
▓†▓.▓.▓.▓)▓.▓.▓.♣[


You could see an orb of fire.

Vanquished Creatures
  An ancient lich (D)
  Mara (D)
  Mennas (D)
  Sojobo (D)
  Frederick (D)
  Xtahua (D)
  Margery (D)
  Nikola (D)
  5 golden dragons (D)
  Jory (D)
  A bone dragon (D)
  14 Orb Guardians (D)
  3 tentacled monstrosities (D)
  A lich (D)
  A death cob (D)
  2 tengu reavers (D)
  2 storm dragons (D)
  2 thorn hunters (D)
  A sphinx (D)
  7 shadow dragons (D)
  Kirke (D)
  4 nagarajas (D)
  4 draconian monks (D)
  Ilsuiw (D)
  Donald (D)
  3 fire giants (D)
  A draconian knight (D)
  2 draconian scorchers (D)
  3 vault wardens (D)
  A ghost moth (D)
  5 emperor scorpions (D)
  Aizul (D)
  A spriggan defender (D)
  2 draconian stormcallers (D)
  3 ironheart preservers (D)
  4 draconian annihilators (D)
  A stone giant (shapeshifter) (D)
  2 very ugly things (D)
  5 purple draconians (D)
  3 black draconians (D)
  3 stone giants (D)
  3 green draconians (D)
  2 entropy weavers (D)
  Azrael (D)
  A white draconian (D)
  A red draconian (D)
  2 yellow draconians (D)
  A dire elephant (D)
  A spark wasp (D)
  3 merfolk javelineers (D)
  9 merfolk impalers (D)
  6 fire dragons (D)
  3 ettins (D)
  3 great orbs of eyes (D)
  A yaktaur captain (D)
  A rakshasa (D)
  5 ice dragons (D)
  Erica (D)
  7 hydras (D)
  25 vault guards (D)
  4 naga warriors (D)
  A merfolk aquamancer (D)
  A two-headed ogre (D)
  An anaconda (D)
  A centaur warrior (D)
  An alligator (D)
  Urug (D)
  2 deep troll earth magi (D)
  A deep troll shaman (D)
  A vampire mage (D)
  2 shock serpents (D)
  2 spriggan berserkers (D)
  2 hell knights (D)
  A deep elf knight (D)
  3 sea snakes (D)
  A glowing orange brain (D)
  A spriggan druid (D)
  A flayed ghost (D)
  5 swamp dragons (D)
  A harpy (D)
  2 deep elf archers (D)
  5 necromancers (D)
  A phantasmal warrior (D)
  An ironbrand convoker (D)
  9 orc knights (D)
  An orb spider (shapeshifter) (D)
  A mana viper (D)
  3 deep elf magi (D)
  9 wolf spiders (D)
  A cyclops (D)
  An ugly thing (D)
  4 moths of wrath (D)
  A merfolk siren (D)
  7 elephants (D)
  A guardian serpent (D)
  4 naga magi (D)
  2 vault sentinels (D)
  A gargoyle (D)
  3 black mambas (D)
  5 spiny frogs (D)
  4 yaktaurs (D)
  2 freezing wraiths (D)
  A demonic crawler (D)
  A komodo dragon (D)
  A hornet (D)
  A polar bear (shapeshifter) (D)
  A jumping spider (D)
  2 merfolk (D)
  2 hippogriffs (D)
  A bog body (D)
  A water elemental (D)
  3 redbacks (D)
  A yak (D)
  A basilisk (D)
  4 hogs (D)
  A human (D)
  A tarantella (D)
  4 fire elementals (D)
  4 nagas (D)
  An acid dragon (D)
  A water moccasin (D)
  2 porcupines (D)
  2 hell hounds (D)
  19 orc warriors (D)
  A phantom (D)
  2 sky beasts (D)
  2 centaurs (D)
  3 bullfrogs (D)
  A wight (D)
  An orc priest (D)
  5 orc wizards (D)
  An adder zombie (D)
  7 orcs (D)
  3 bats (D)
  A giant cockroach (D)
  A goblin (D)
  A ball python zombie (D)
  A quokka skeleton (D)
  A rat (D)
  10 blocks of ice (D)
  A briar patch (D)
373 creatures vanquished.

Vanquished Creatures (collateral kills)
  A merfolk javelineer (D)
  2 hydras (D)
  A hell knight (D)
  A glowing orange brain (D)
  A swamp dragon (D)
  A harpy (D)
  A glowing shapeshifter (D)
  A moth of wrath (D)
  Maurice (D)
  A jumping spider (D)
  A hornet (D)
  A blink frog (D)
  A slime creature (D)
  A basilisk (D)
  An orc warrior (D)
  An ice beast (D)
  A bullfrog (D)
  2 orcs (D)
  A block of ice (D)
21 creatures vanquished.

Vanquished Creatures (others)
  2 ghost moths (D)
  A hydra (D)
  28 blocks of ice (D)
  6 fire vortices (D)
37 creatures vanquished.

Grand Total: 431 creatures vanquished

Notes
Turn   | Place    | Note
-------+----------+-------------------------------------------
     0 | D        | MordorOrchid the Draconian Ice Elementalist began the quest
                  | for the Orb.
     0 | D        | Reached XP level 1. HP: 14/14 MP: 3/3
     5 | D        | Reached skill level 1 in Fighting
   155 | D        | Noticed a phantom
   155 | D        | Noticed a centaur
   166 | D        | Killed a centaur
   166 | D        | Reached XP level 2. HP: 11/26 MP: 0/7
   166 | D        | Reached XP level 3. HP: 13/31 MP: 0/8
   166 | D        | Reached XP level 4. HP: 16/38 MP: 0/10
   198 | D        | HP: 1/38 [phantom (5)]
   251 | D        | Found a roughly hewn altar of Beogh.
   251 | D        | Found a snail-covered altar of Cheibriados.
   251 | D        | Found a shadowy altar of Dithmenos.
   251 | D        | Found a white marble altar of Elyvilon.
   251 | D        | Found a blossoming altar of Fedhas.
   251 | D        | Found an opulent altar of Gozag.
   252 | D        | Found a hazy altar of Hepliaklqana.
   253 | D        | Found a viscous altar of Jiyva.
   254 | D        | Found an ancient bone altar of Kikubaaqudgha.
   255 | D        | Found a corrupted altar of Lugonu.
   256 | D        | Found a burning altar of Makhleb.
   257 | D        | Found a sparkling altar of Nemelex Xobeh.
   258 | D        | Found an iron altar of Okawaru.
   259 | D        | Found a stormy altar of Qazlal.
   260 | D        | Found a sacrificial altar of Ru.
   261 | D        | Found a shimmering blue altar of Sif Muna.
   262 | D        | Found a bloodstained altar of Trog.
   263 | D        | Found a hide-covered altar of Uskayaw.
   264 | D        | Found a radiant altar of Vehumet.
   265 | D        | Found an ornate altar of the Wu Jian Council.
   266 | D        | Found a shimmering altar of Xom.
   267 | D        | Found a basalt altar of Yredelemnul.
   268 | D        | Found a glowing silver altar of Zin.
   269 | D        | Became a worshipper of Sif Muna the Loreminder
   270 | D        | Found a glowing golden altar of the Shining One.
   317 | D        | Learned a level 3 spell: Frozen Ramparts
   330 | D        | Learned a level 3 spell: Ozocubu's Armour
   335 | D        | Learned a level 4 spell: Summon Ice Beast
   368 | D        | Killed a phantom
   368 | D        | Reached skill level 5 in Spellcasting
   368 | D        | Reached skill level 1 in Charms
   368 | D        | Reached XP level 5. HP: 24/46 MP: 4/12
   510 | D        | Noticed a two-headed ogre
   510 | D        | Noticed an orc warrior
   510 | D        | Noticed a sky beast
   517 | D        | Killed a sky beast
   517 | D        | Reached * piety under Sif Muna
   517 | D        | Reached skill level 5 in Dodging
   517 | D        | Reached XP level 6. HP: 43/52 MP: 10/15
   524 | D        | Reached ** piety under Sif Muna
   527 | D        | Killed an orc warrior
   528 | D        | Killed a two-headed ogre
   528 | D        | Reached skill level 5 in Evocations
   528 | D        | Your scales start taking on a pale cyan-grey colour.
   528 | D        | Reached XP level 7. HP: 51/59 MP: 10/20
   528 | D        | Reached XP level 8. HP: 57/66 MP: 10/21
   541 | D        | Learned a level 4 spell: Hailstorm
   542 | D        | Noticed a hippogriff
   542 | D        | Noticed a gargoyle
   549 | D        | Killed a gargoyle
   549 | D        | Reached skill level 10 in Spellcasting
   549 | D        | Reached skill level 10 in Ice Magic
   554 | D        | Reached *** piety under Sif Muna
   581 | D        | Killed a hippogriff
   588 | D        | Reached **** piety under Sif Muna
   703 | D        | Noticed a spiny frog
   703 | D        | Noticed a komodo dragon
   708 | D        | Reached skill level 1 in Short Blades
   710 | D        | Killed a komodo dragon
   710 | D        | Reached skill level 10 in Dodging
   710 | D        | Reached XP level 9. HP: 71/71 MP: 16/24
   712 | D        | Reached ***** piety under Sif Muna
   713 | D        | Killed a spiny frog
   713 | D        | Reached skill level 5 in Invocations
   724 | D        | Noticed a black mamba
   725 | D        | Noticed a spiny frog
   756 | D        | Killed a black mamba
   756 | D        | Identified Wutsyddo's Catalogue of Flames (Sif Muna gifted
                  | it to you in the Dungeon)
   756 | D        | Received a gift from Sif Muna
   756 | D        | Killed a spiny frog
   805 | D        | Learned a level 3 spell: Conjure Flame
   807 | D        | Noticed a four-headed hydra
   807 | D        | Noticed a spiny frog
   807 | D        | Noticed a black mamba
   811 | D        | Killed a black mamba
   811 | D        | Reached skill level 1 in Conjurations
   811 | D        | Reached skill level 1 in Fire Magic
   815 | D        | Reached XP level 10. HP: 80/80 MP: 16/26
   819 | D        | Killed a four-headed hydra
   819 | D        | Reached skill level 5 in Fighting
   823 | D        | Killed a spiny frog
   823 | D        | Identified Cumaz's Tome of Spatial Cold (Sif Muna gifted it
                  | to you in the Dungeon)
   823 | D        | Received a gift from Sif Muna
   887 | D        | Noticed an elephant
   887 | D        | Noticed an elephant
   887 | D        | Noticed a dire elephant
   887 | D        | Noticed an elephant
   887 | D        | Noticed an elephant
   887 | D        | Noticed an elephant
   892 | D        | Killed an elephant
   892 | D        | Killed an elephant
   896 | D        | Killed an elephant
   897 | D        | Noticed an elephant
   901 | D        | Noticed an elephant
   906 | D        | Killed a dire elephant
   908 | D        | Killed an elephant
   908 | D        | Identified Sif Muna's Tome of Earthen Intoxication (Sif
                  | Muna gifted it to you in the Dungeon)
   908 | D        | Received a gift from Sif Muna
   913 | D        | Killed an elephant
   913 | D        | Reached skill level 5 in Fire Magic
   922 | D        | Killed an elephant
   922 | D        | Reached XP level 11. HP: 87/89 MP: 5/29
  1015 | D        | Noticed Urug
  1041 | D        | Killed Urug
  1041 | D        | Reached skill level 15 in Spellcasting
  1071 | D        | Noticed Maurice
  1111 | D        | Killed Maurice
  1111 | D        | Reached skill level 5 in Conjurations
  1176 | D        | Learned a level 3 spell: Mephitic Cloud
  1182 | D        | Learned a level 5 spell: Bolt of Magma
  1191 | D        | Identified Sif Muna's Compendium of Torrid Translocation
                  | (Sif Muna gifted it to you in the Dungeon)
  1191 | D        | Received a gift from Sif Muna
  1207 | D        | Reached ****** piety under Sif Muna
  1232 | D        | Identified Tiykevekk's Disquisition on the Supportive
                  | Glacier (Sif Muna gifted it to you in the Dungeon)
  1232 | D        | Received a gift from Sif Muna
  1254 | D        | Noticed an orc knight
  1256 | D        | Reached skill level 1 in Air Magic
  1256 | D        | Reached skill level 1 in Earth Magic
  1264 | D        | Reached skill level 1 in Summonings
  1286 | D        | Killed an orc knight
  1290 | D        | Identified Sif Muna's Disquisition on Supportive
                  | Enchantment (Sif Muna gifted it to you in the Dungeon)
  1290 | D        | Received a gift from Sif Muna
  1391 | D        | Found Fyhouf's Book Boutique.
  1391 | D        | Noticed an orc knight
  1391 | D        | Noticed an orc knight
  1391 | D        | Noticed an orc knight
  1395 | D        | Killed an orc knight
  1400 | D        | Killed an orc knight
  1404 | D        | Killed an orc knight
  1404 | D        | Identified Weofeelirch's Catalogue of Bewitching Cold (Sif
                  | Muna gifted it to you in the Dungeon)
  1404 | D        | Received a gift from Sif Muna
  1422 | D        | Noticed an orc knight
  1436 | D        | Killed an orc knight
  1474 | D        | Found Murita's General Store.
  1482 | D        | Noticed an orc knight
  1490 | D        | Killed an orc knight
  1516 | D        | Found Fiweruem's Gadget Boutique.
  1520 | D        | Found Geday's Antique Weapon Shop.
  1523 | D        | Noticed an orc knight
  1524 | D        | Bought 2 scrolls of identify for 56 gold pieces
  1524 | D        | Bought a scroll of identify for 28 gold pieces
  1524 | D        | Noticed an orc knight
  1536 | D        | Killed an orc knight
  1537 | D        | Killed an orc knight
  1539 | D        | Identified Sif Muna's Handbook of Conjuration (Sif Muna
                  | gifted it to you in the Dungeon)
  1539 | D        | Received a gift from Sif Muna
  1568 | D        | Bought a smoking dagger for 140 gold pieces
  1568 | D        | Identified the +7 dagger of Inety {freeze, SInv} (You
                  | bought it in a shop in the Dungeon)
  1573 | D        | Bought the +10 spear "Xuinet" {drain, +Inv Dex+3} for 1059
                  | gold pieces
  1573 | D        | Bought a potion of haste for 140 gold pieces
  1573 | D        | Bought a ration for 70 gold pieces
  1575 | D        | Bought a phantom mirror for 300 gold pieces
  1575 | D        | Bought a wand of enslavement (8) for 100 gold pieces
  1687 | D        | Learned a level 6 spell: Freezing Cloud
  1732 | D        | Noticed a centaur warrior
  1738 | D        | Noticed a deep elf mage
  1741 | D        | Killed a centaur warrior
  1750 | D        | Noticed a fire dragon
  1771 | D        | Reached XP level 12. HP: 100/100 MP: 7/32
  1776 | D        | Identified Sytoy's Compendium of Beguiling (Sif Muna gifted
                  | it to you in the Dungeon)
  1776 | D        | Received a gift from Sif Muna
  1825 | D        | Killed a fire dragon
  1850 | D        | Noticed a fire dragon
  1851 | D        | Noticed a stone giant
  1860 | D        | Killed a fire dragon
  1870 | D        | Killed a stone giant
  1870 | D        | Reached skill level 5 in Earth Magic
  1887 | D        | Noticed a stone giant
  1936 | D        | Killed a stone giant
  1973 | D        | Noticed a rakshasa
  1975 | D        | Noticed an ice dragon
  1982 | D        | Killed a rakshasa
  1982 | D        | Received a gift from Sif Muna
  2000 | D        | Killed an ice dragon
  2084 | D        | Noticed Donald
  2111 | D        | Killed Donald
  2195 | D        | Learned a level 4 spell: Ice Form
  2207 | D        | Identified Sif Muna's Compendium of Hurtful Stones (Sif
                  | Muna gifted it to you in the Dungeon)
  2207 | D        | Received a gift from Sif Muna
  2217 | D        | Reached skill level 5 in Shields
  2217 | D        | Reached skill level 5 in Transmutations
  2265 | D        | Noticed a thorn hunter
  2265 | D        | Noticed an alligator
  2265 | D        | Noticed a thorn hunter
  2270 | D        | Killed an alligator
  2271 | D        | Received a gift from Sif Muna
  2272 | D        | Noticed a four-headed hydra
  2274 | D        | Noticed a five-headed hydra
  2275 | D        | Killed a thorn hunter
  2275 | D        | Reached skill level 10 in Shields
  2275 | D        | Reached XP level 13. HP: 109/111 MP: 14/34
  2277 | D        | Killed a thorn hunter
  2378 | D        | Identified Omeodoez's Compendium of Calling (Sif Muna
                  | gifted it to you in the Dungeon)
  2378 | D        | Received a gift from Sif Muna
  2423 | D        | Reached skill level 15 in Shields
  2462 | D        | Noticed a merfolk impaler
  2464 | D        | Identified Kipp's Compendium of Congealing Curses (Sif Muna
                  | gifted it to you in the Dungeon)
  2464 | D        | Received a gift from Sif Muna
  2466 | D        | Noticed a merfolk javelineer
  2466 | D        | Killed a merfolk impaler
  2492 | D        | Killed a merfolk javelineer
  2493 | D        | Noticed a merfolk impaler
  2505 | D        | Killed a merfolk impaler
  2505 | D        | Reached skill level 10 in Fighting
  2528 | D        | Identified Umiethrex's Collected Works on Displaced Curses
                  | (Sif Muna gifted it to you in the Dungeon)
  2528 | D        | Received a gift from Sif Muna
  2570 | D        | Learned a level 9 spell: Absolute Zero
  2632 | D        | Noticed Erica
  2646 | D        | Killed Erica
  2704 | D        | Noticed Azrael
  2729 | D        | Killed Azrael
  2729 | D        | Identified Sif Muna's Catalogue of Harmful Weightlessness
                  | (Sif Muna gifted it to you in the Dungeon)
  2729 | D        | Received a gift from Sif Muna
  3015 | D        | Noticed a spark wasp
  3015 | D        | Noticed a stone giant
  3019 | D        | Reached skill level 10 in Conjurations
  3020 | D        | Killed a stone giant
  3027 | D        | Noticed a fire giant
  3027 | D        | Killed a spark wasp
  3027 | D        | Reached skill level 15 in Ice Magic
  3041 | D        | Killed a fire giant
  3041 | D        | Identified Taefuc's Reference Book on the Mountains (Sif
                  | Muna gifted it to you in the Dungeon)
  3041 | D        | Received a gift from Sif Muna
  3041 | D        | Reached XP level 14. HP: 80/121 MP: 7/36
  3084 | D        | Noticed a stone giant
  3093 | D        | Killed a stone giant
  3194 | D        | Received a gift from Sif Muna
  3469 | D        | Received a gift from Sif Muna
  3774 | D        | Noticed a vault warden
  3783 | D        | Killed a vault warden
  3783 | D        | Identified Sif Muna's Collected Works on the Freezing
                  | Arsonist (Sif Muna gifted it to you in the Dungeon)
  3783 | D        | Received a gift from Sif Muna
  3802 | D        | Noticed a sphinx
  3808 | D        | Killed a sphinx
  3846 | D        | Noticed a fire giant
  3859 | D        | Killed a fire giant
  3859 | D        | Reached skill level 10 in Fire Magic
  3963 | D        | Noticed a vault warden
  3981 | D        | Killed a vault warden
  4020 | D        | Identified Sif Muna's Disquisition on Harmful Changing (Sif
                  | Muna gifted it to you in the Dungeon)
  4020 | D        | Received a gift from Sif Muna
  4068 | D        | Learned a level 2 spell: Blink
  4071 | D        | Noticed Mara
  4072 | D        | Noticed MordorOrchid's illusion
  4081 | D        | Killed Mara
  4081 | D        | Reached skill level 15 in Dodging
  4081 | D        | Reached skill level 10 in Transmutations
  4149 | D        | Noticed Xtahua
  4163 | D        | Paralysed by Xtahua for 3 turns
  4176 | D        | Killed Xtahua
  4176 | D        | Reached XP level 15. HP: 107/126 MP: 15/38
  4232 | D        | Noticed Aizul
  4246 | D        | Killed Aizul
  4275 | D        | Noticed Jory
  4279 | D        | Killed Jory
  4407 | D        | Got the +1 demon whip of the Thing {pain, +Fly rF+ MR+
                  | Dex-2}
  4488 | D        | Identified Sif Muna's Reference Book on Changing (Sif Muna
                  | gifted it to you in the Dungeon)
  4488 | D        | Received a gift from Sif Muna
  4581 | D        | Noticed Ilsuiw
  4597 | D        | Killed Ilsuiw
  4597 | D        | Identified Cola's Compendium of Ashen Dark Rites (Sif Muna
                  | gifted it to you in the Dungeon)
  4597 | D        | Received a gift from Sif Muna
  4740 | D        | Got a barnacled rune of Zot
  4832 | D        | Learned a level 6 spell: Statue Form
  4838 | D        | Received a gift from Sif Muna
  4855 | D        | Received a gift from Sif Muna
  4899 | D        | Got a decaying rune of Zot
  4932 | D        | Noticed a nagaraja
  4933 | D        | Noticed a nagaraja
  4938 | D        | Killed a nagaraja
  4938 | D        | Reached skill level 10 in Invocations
  4940 | D        | Killed a nagaraja
  4940 | D        | Identified Xupeliun's Grimoire of Assistive Changing (Sif
                  | Muna gifted it to you in the Dungeon)
  4940 | D        | Received a gift from Sif Muna
  4946 | D        | Noticed a nagaraja
  4955 | D        | Killed a nagaraja
  4969 | D        | Noticed a nagaraja
  4982 | D        | Killed a nagaraja
  4982 | D        | Reached skill level 10 in Earth Magic
  5007 | D        | Got a serpentine rune of Zot
  5062 | D        | Identified Sif Muna's Volume of Supportive Black Magic (Sif
                  | Muna gifted it to you in the Dungeon)
  5062 | D        | Received a gift from Sif Muna
  5068 | D        | Noticed a ghost moth
  5088 | D        | Reached XP level 16. HP: 130/135 MP: 0/41
  5242 | D        | Identified Sif Muna's Papyrus of Assistive Weightlessness
                  | (Sif Muna gifted it to you in the Dungeon)
  5242 | D        | Received a gift from Sif Muna
  5293 | D        | Got a gossamer rune of Zot
  5363 | D        | Noticed Mennas
  5375 | D        | Killed Mennas
  5425 | D        | Noticed Frederick
  5428 | D        | Killed Frederick
  5670 | D        | Identified Sif Muna's Catalogue of Bewitching Clay (Sif
                  | Muna gifted it to you in the Dungeon)
  5670 | D        | Received a gift from Sif Muna
  5695 | D        | Identified Dispater's Handbook of Clay (Sif Muna gifted it
                  | to you in the Dungeon)
  5695 | D        | Received a gift from Sif Muna
  5794 | D        | Received a gift from Sif Muna
  5851 | D        | Received a gift from Sif Muna
  5896 | D        | Learned a level 5 spell: Borgnjor's Vile Clutch
  5901 | D        | Reached skill level 1 in Necromancy
  5906 | D        | Received a gift from Sif Muna
  5911 | D        | Noticed a shadow dragon
  5914 | D        | Reached skill level 15 in Fire Magic
  5915 | D        | Reached skill level 15 in Conjurations
  5923 | D        | Reached skill level 5 in Necromancy
  5945 | D        | Killed a shadow dragon
  5945 | D        | Received a gift from Sif Muna
  5994 | D        | Noticed a shadow dragon
  5996 | D        | Killed a shadow dragon
  6025 | D        | Noticed a lich
  6028 | D        | Killed a lich
  6028 | D        | Reached XP level 17. HP: 146/146 MP: 33/43
  6145 | D        | Identified Apelaz's Reference Book on Good Luck and
                  | Lightness (Sif Muna gifted it to you in the Dungeon)
  6145 | D        | Received a gift from Sif Muna
  6241 | D        | Got a wavering steel ring
  6242 | D        | Identified the ring "Oqyq" {rPois MP+9} (You found it in
                  | the Dungeon)
  6246 | D        | Got a silver rune of Zot
  6271 | D        | Noticed Kirke
  6276 | D        | Identified Sif Muna's Reference Book on the Unholy
                  | Volcanoes (Sif Muna gifted it to you in the Dungeon)
  6276 | D        | Received a gift from Sif Muna
  6376 | D        | Killed Kirke
  6461 | D        | Noticed Nikola
  6463 | D        | Killed Nikola
  6521 | D        | Got the ring "Imohycio" {Ice rN++ MR- Str+5}
  6523 | D        | Got the ring "Iceups" {rN+ Int+3}
  6533 | D        | Got the ring "Xovingit" {+Fly rN+ MR+ Int-5 SInv}
  6535 | D        | Got the ring "Neihaeja" {+Inv rElec SInv}
  6538 | D        | Got the amulet of Pelif {RegenMP Int+6}
  6648 | D        | Noticed Margery
  6670 | D        | Killed Margery
  6681 | D        | Identified Sif Muna's Compendium of Evil Cold (Sif Muna
                  | gifted it to you in the Dungeon)
  6681 | D        | Received a gift from Sif Muna
  6740 | D        | Noticed Sojobo
  6747 | D        | Reached skill level 1 in Polearms
  6748 | D        | Killed Sojobo
  7101 | D        | Noticed a golden dragon
  7105 | D        | Identified Sif Muna's Disquisition on Unstable Necromancy
                  | (Sif Muna gifted it to you in the Dungeon)
  7105 | D        | Received a gift from Sif Muna
  7117 | D        | Killed a golden dragon
  7117 | D        | Reached skill level 5 in Polearms
  7172 | D        | Noticed a golden dragon
  7172 | D        | Noticed a golden dragon
  7172 | D        | Noticed a bone dragon
  7174 | D        | Killed a bone dragon
  7174 | D        | Received a gift from Sif Muna
  7188 | D        | Killed a golden dragon
  7192 | D        | Killed a golden dragon
  7213 | D        | Received a gift from Sif Muna
  7277 | D        | Reached XP level 18. HP: 96/154 MP: 40/46
  7457 | D        | Learned a level 9 spell: Fire Storm
  7462 | D        | Received a gift from Sif Muna
  7571 | D        | Received a gift from Sif Muna
  7640 | D        | Noticed a golden dragon
  7642 | D        | Reached skill level 10 in Polearms
  7644 | D        | Noticed a tentacled monstrosity
  7645 | D        | Identified Febekhea's Collected Works on Evil Execration
                  | (Sif Muna gifted it to you in the Dungeon)
  7645 | D        | Received a gift from Sif Muna
  7650 | D        | Killed a golden dragon
  7651 | D        | Killed a tentacled monstrosity
  7651 | D        | Reached skill level 27 in Spellcasting
  7778 | D        | Learned a level 8 spell: Controlled Blink
  7867 | D        | Noticed an Orb Guardian
  7867 | D        | Noticed an Orb Guardian
  7867 | D        | Noticed an Orb Guardian
  7867 | D        | Noticed an Orb Guardian
  7867 | D        | Noticed an Orb Guardian
  7867 | D        | Noticed an Orb Guardian
  7875 | D        | Killed an Orb Guardian
  7875 | D        | Killed an Orb Guardian
  7875 | D        | Reached skill level 5 in Translocations
  7876 | D        | Killed an Orb Guardian
  7876 | D        | Noticed an Orb Guardian
  7877 | D        | Killed an Orb Guardian
  7878 | D        | Noticed an Orb Guardian
  7879 | D        | Killed an Orb Guardian
  7882 | D        | Killed an Orb Guardian
  7884 | D        | Killed an Orb Guardian
  7888 | D        | Killed an Orb Guardian
  7890 | D        | Noticed an Orb Guardian
  7891 | D        | Noticed an Orb Guardian
  7895 | D        | Killed an Orb Guardian
  7897 | D        | Killed an Orb Guardian
  7897 | D        | Reached skill level 10 in Translocations
  7970 | D        | Noticed a tentacled monstrosity
  7970 | D        | Noticed an Orb Guardian
  7970 | D        | Noticed an Orb Guardian
  7970 | D        | Noticed a tentacled monstrosity
  7970 | D        | Noticed a golden dragon
  7971 | D        | Killed a golden dragon
  7972 | D        | Killed a tentacled monstrosity
  7972 | D        | Reached skill level 27 in Conjurations
  7972 | D        | Reached XP level 19. HP: 160/160 MP: 37/50
  7976 | D        | Reached skill level 10 in Necromancy
  7976 | D        | Reached skill level 15 in Transmutations
  8056 | D        | Learned a level 8 spell: Necromutation
  8057 | D        | Noticed an ancient lich
  8058 | D        | Killed an ancient lich
  8058 | D        | Reached skill level 15 in Necromancy
  8058 | D        | Reached skill level 15 in Translocations
  8072 | D        | Noticed an orb of fire
  8073 | D        | Killed from afar by an orb of fire

Illustrated notes

Levels and vault maps discovered:
D:        linesprint [early_d, line_temple, items_1, d_10, items_2, lair_1,
          lair_end, items_3, orc_1, orc_end, items_4, d_15, swamp_1, shoals_1,
          snake_1, spider_1, d_20, vaults_1, items_5, swamp_end, shoals_end,
          snake_end, spider_end, vaults_end, d_27, items_6, zot_1, zot_end,
          crypt_end, forest_end, elf_end, slime_end, tomb_end, abyss_end,
          pan_hell_end]

Skill      XL: |  1  2  3  4  5  6  7  8  9 10 11 12 13 14 15 16 17 18 19 |
---------------+----------------------------------------------------------+-----
Fighting       | 3 4 6 7 9 10 12 | 12.1
Dodging        | 3 4 5 8 10 11 12 13 15 16 18 20 | 20.0
Spellcasting   | 4 5 6 9 11 12 14 16 17 18 19 21 22 24 27 | 27.0
Ice Magic      | 6 7 8 9 10 11 13 15 18 21 22 | 22.0
Charms         | 1 |  1.0
Evocations     | 2 3 5 8 |  8.0
Invocations    | 4 5 6 8 10 | 10.0
Short Blades   | 2 |  2.0
Conjurations   | 1 4 6 8 10 16 22 27 | 27.0
Fire Magic     | 2 5 7 10 15 19 22 | 22.0
Stealth        | 3 |  3.0
Air Magic      | 4 |  4.0
Earth Magic    | 4 5 6 10 | 10.2
Summonings     | 3 4 |  4.0
Shields        | 10 15 16 17 20 | 20.0
Transmutations | 5 7 10 12 14 15 | 15.0
Translocations | 2 11 15 | 15.0
Necromancy     | 7 8 9 15 | 15.0
Polearms       | 8 10 | 10.0

Action                   |  1- 3 |  4- 6 |  7- 9 | 10-12 | 13-15 | 16-18 | 19-21 || total
-------------------------+-------+-------+-------+-------+-------+-------+-------++-------
Melee: Unarmed           |    13 |    30 |       |       |     8 |     9 |       ||    60
       Scimitar          |       |    15 |     1 |       |       |       |       ||    16
       Tailslap          |       |     7 |     1 |       |     8 |    29 |     5 ||    50
       Rapier            |       |    13 |    10 |       |       |       |       ||    23
       Staff             |       |       |     1 |       |     9 |     1 |       ||    11
       Dagger            |       |       |       |     2 |       |    65 |       ||    67
       Long sword        |       |       |       |       |    18 |       |       ||    18
       Spear             |       |       |       |       |       |    65 |    12 ||    77
       Demon whip        |       |       |       |       |       |     1 |       ||     1
Throw: Javelin           |       |       |       |     3 |    11 |    20 |     2 ||    36
 Cast: Freeze            |     7 |       |       |     1 |     2 |       |       ||    10
       Frozen Ramparts   |       |     4 |     7 |    37 |    27 |    24 |     3 ||   102
       Ozocubu's Armour  |       |     2 |       |     6 |     7 |       |       ||    15
       Summon Ice Beast  |       |       |     5 |    44 |    44 |    14 |       ||   107
       Hailstorm         |       |       |     5 |    47 |    45 |    12 |       ||   109
       Bolt of Magma     |       |       |       |    11 |    25 |    13 |       ||    49
       Mephitic Cloud    |       |       |       |     4 |    12 |    25 |     1 ||    42
       Freezing Cloud    |       |       |       |    10 |    44 |    23 |     1 ||    78
       Ice Form          |       |       |       |     2 |     4 |       |       ||     6
       Absolute Zero     |       |       |       |       |     9 |    31 |     2 ||    42
       Statue Form       |       |       |       |       |     4 |    17 |     1 ||    22
       Fire Storm        |       |       |       |       |       |    13 |       ||    13
       Blink             |       |       |       |       |       |     1 |       ||     1
       Borgnjor's Vile C |       |       |       |       |       |    12 |     5 ||    17
       Necromutation     |       |       |       |       |       |       |     1 ||     1
Invok: Channel Magic     |       |       |       |     9 |    10 |     8 |       ||    27
       Divine Exegesis   |       |       |       |       |     6 |     3 |       ||     9
       Forget Spell      |       |       |       |       |       |       |     1 ||     1
 Abil: Breathe Steam     |       |       |       |     1 |     1 |       |       ||     2
       End Transformatio |       |       |       |     1 |     5 |       |       ||     6
       Evoke Invisibilit |       |       |       |     1 |     1 |     1 |       ||     3
Evoke: Staff of energy   |       |       |    25 |   110 |   136 |    97 |       ||   368
       Wand              |       |       |       |       |       |    13 |       ||    13
  Use: Potion            |     2 |     3 |       |       |     1 |     3 |       ||     9
       Scroll            |       |     1 |       |     3 |     1 |     3 |     1 ||     9
 Stab: Invisible         |       |     2 |     3 |       |       |       |       ||     5
       Sleeping          |       |     1 |     1 |       |       |       |       ||     2
       Confused          |       |       |       |     1 |       |     9 |     1 ||    11
  Eat: Chunk             |       |       |     2 |    13 |    12 |    13 |       ||    40
       Ration            |       |       |       |       |     3 |     2 |       ||     5
Armor: Skin              |     9 |    31 |     2 |     5 |    14 |    36 |     6 ||   103
Dodge: Dodged            |     8 |    83 |     9 |    20 |    38 |   125 |     8 ||   291
Block: Kite shield       |       |       |       |       |    25 |    62 |     7 ||    94
       Rpst.: Scimitar   |       |     1 |       |       |       |       |       ||     1
